RedWings vs Wild

Created - November 6, 2016 at 14:18

Goals
1 2 3 T
RedWings 1 4 0 5
Wild 1 0 2 3
Shots
1 2 3 T
RedWings 7 10 14 31
Wild 15 11 11 37

1st period

1. Wild , Jason Spezza 10 (Kyle Okposo) at 0:06
2. RedWings , Loui Eriksson 5 (Sean Monahan, Paul Martin) at 2:12

Penalties :
Eric Gryba (DET) for Hooking (Minor) at 5:44

2nd period

3. RedWings , Zach Trotman 1 (David Pastrnak, Loui Eriksson) at 1:48
4. RedWings , Tyler Toffoli 5 (Filip Forsberg, Thomas Hickey) at 3:45
5. RedWings , Zach Trotman 2 (Erik Haula, Alexandre Burrows) at 4:20
6. RedWings , Tyler Toffoli 6 (Andrew Cogliano) at 14:46 (PP)

Penalties :
Eric Staal (MIN) for Hooking (Minor) at 5:33, Paul Martin (DET) for Slashing (Minor) at 9:41, Tanner Pearson (MIN) for Roughing (Minor) at 13:52, Zach Trotman (DET) for Hooking (Minor) at 16:03

3rd period

7. Wild , Chris Wagner 1 (Dustin Brown, Taylor Fedun) at 4:43
8. Wild , Carl Gunnarsson 1 (Dustin Brown, Alexander Edler) at 6:20

Penalties :
Jeff Petry (MIN) for Charging (Minor) at 6:23, Kevin Connauton (DET) for Hooking (Minor) at 9:09, David Pastrnak (DET) for High sticking (Minor) at 15:02

Goalie Stats

Roberto Luongo (DET), 34 saves from 37 shots - (0.919), W, 4-2-2, 60:00 minutes
James Reimer (MIN), 9 saves from 13 shots - (0.692), L, 5-5-2, 24:20 minutes
Anton Khudobin (MIN), 17 saves from 18 shots - (0.944), 35:40 minutes

Players Stats for RedWings

Player Name              G  A  P  +/- PIM S  H  SB GA TA FO     MP     PP MP  PK MP  
------------------------------------------------------------------------------------
Alexandre Burrows        0  1  1   0  0   1  2  0  0  0  1/1    12:08   0:00   1:15 
Andrew Cogliano          0  1  1   0  0   1  2  0  0  0  6/7    11:43   2:20   2:59 
David Pastrnak           0  1  1   0  2   1  2  0  0  0  0/0    15:48   2:32   0:00 
Eric Gryba               0  0  0   0  2   0  4  1  0  0  0/0    21:11   2:26   3:16 
Erik Haula               0  1  1   0  0   1  1  1  0  0  5/6    16:22   0:00   5:29 
Filip Forsberg           0  1  1   1  0   6  3  1  0  0  0/0    19:58   2:20   2:59 
Jake Gardiner            0  0  0   1  0   0  1  0  0  0  0/0    15:29   0:14   3:09 
Jonathan Drouin          0  0  0   1  0   0  0  0  0  0  8/20   16:51   2:12   0:00 
Kevin Connauton          0  0  0   0  2   0  2  0  0  0  0/0    16:28   0:14   0:45 
Loui Eriksson            1  1  2   0  0   5  0  0  0  0  0/0    13:17   0:00   0:00 
Micheal Ferland          0  0  0   0  0   0  1  0  0  0  1/1     6:24   0:00   0:00 
Mikhail Grabovski        0  0  0   0  0   0  0  0  0  0  5/14   10:53   0:00   0:00 
Paul Martin              0  1  1   0  2   1  1  1  0  0  0/0    24:11   2:12   4:23 
Sean Monahan             0  1  1   0  0   4  2  0  0  0  13/23  22:45   2:32   6:56 
Thomas Hickey            0  1  1   0  0   1  3  2  0  0  0/0    23:08   2:06   5:44 
Tyler Toffoli            2  0  2   1  0   7  1  0  0  0  2/7    16:59   2:20   0:00 
Vincent Lecavalier       0  0  0   0  0   0  0  0  0  0  4/7     6:56   0:20   0:12 
Zach Trotman             2  0  2   1  2   3  3  1  0  0  0/0    19:29   2:32   2:33 

Players Stats for Wild

Player Name              G  A  P  +/- PIM S  H  SB GA TA FO     MP     PP MP  PK MP  
------------------------------------------------------------------------------------
Alex Biega               0  0  0   0  0   0  1  1  0  0  0/0     7:56   0:00   1:09 
Alexander Edler          0  1  1   1  0   2  5  2  0  0  0/0    25:25   5:09   2:14 
Carl Gunnarsson          1  0  1   1  0   1  1  2  0  0  0/0    18:57   0:00   1:43 
Chris Wagner             1  0  1   1  0   1  1  1  0  0  5/7    10:08   0:00   1:19 
Dennis Wideman           0  0  0   0  0   1  1  0  0  0  0/0    15:46   0:00   2:38 
Dustin Brown             0  2  2   2  0   5  0  0  0  0  1/1    16:09   0:00   3:02 
Eric Staal               0  0  0  -3  2   2  1  0  0  0  13/31  22:54   5:44   0:31 
Jason Pominville         0  0  0  -3  0   2  1  0  0  0  1/1    20:34   4:33   0:00 
Jason Spezza             1  0  1   0  0   4  0  0  0  0  4/7     4:50   0:59   0:00 
Jeff Petry               0  0  0  -3  2   2  2  1  0  0  0/0    22:46   4:46   0:23 
Kyle Okposo              0  1  1   0  0   3  3  0  0  0  1/1    21:27   5:22   0:00 
Marian Gaborik           0  0  0  -3  0   3  0  0  0  0  1/2    20:34   4:33   0:00 
Mark Streit              0  0  0  -2  0   3  0  1  0  0  0/0    21:52   5:09   1:37 
Markus Granlund          0  0  0   1  0   0  0  1  0  0  8/14    8:01   0:00   3:33 
Mason Raymond            0  0  0   1  0   1  0  0  0  0  0/1    10:08   0:00   1:19 
Sven Baertschi           0  0  0   1  0   2  0  0  0  0  6/20   18:55   3:12   0:00 
Tanner Pearson           0  0  0   0  2   5  1  0  0  0  1/1    21:26   5:22   0:00 
Taylor Fedun             0  1  1   1  0   0  0  0  0  0  0/0     7:17   4:46   0:00 

3 Stars

1 - Tyler Toffoli (DET)
2 - Zach Trotman (DET)
3 - Dustin Brown (MIN)

Power Play

RedWings - 1 on 3 Attempt(s) - 33.33%
Wild - 0 on 5 Attempt(s) - 0.00%

Penalty Kill

RedWings - 5 on 5 Attempt(s) - 100.00% - Score 0 goal in Penalty Kill
Wild - 2 on 3 Attempt(s) - 66.67% - Score 0 goal in Penalty Kill

Team Stat

RedWings - Hits : 28 - Faceoff Wins : 45 - Blocked Shots : 7 - Penalty Minutes : 10
Wild - Hits : 17 - Faceoff Wins : 41 - Blocked Shots : 9 - Penalty Minutes : 6

Official

Referees : Kelly Sutherland and Greg Kimmerly
Linesman : Darren Gibbs and John Grandt

Game Notes

Jason Spezza is injured at 14:13 of 1st period (Bruised Right Arm)
Anton Khudobin enters game at 4:20 of 2nd period
Alex Biega is injured at 12:53 of 2nd period (Sports Hernia)

Finance

Level 1 -- Attendance: 6106 (93.94%) -- Ticket Income $610,600
Level 2 -- Attendance: 4996 (99.92%) -- Ticket Income $299,760
Level 3 -- Attendance: 3500 (100.00%) -- Ticket Income $122,500
Level 4 -- Attendance: 1954 (100.00%) -- Ticket Income $39,080
Luxury Box -- Attendance: 1000 (100.00%) -- Ticket Income $200,000
Game was played at the Xcel Energy Center.
Total Attendance: 17556 (97.78%)
Total Ticket Income: $1,271,940
Other Income: $190,791
Total Income: $1,462,731

% Time on Ice - RedWings

Lines # - Real PCT - Wanted PCT - Time Play
Normal Forward
1 - 29% - 35% - 13:17
2 - 32% - 35% - 14:39
3 - 24% - 20% - 10:53
4 - 14% - 10% - 6:24
Normal Defense
1 - 34% - 40% - 15:18
2 - 34% - 30% - 15:30
3 - 27% - 20% - 12:06
4 - 5% - 10% - 2:19
PP Forward
1 - 48% - 60% - 2:20
2 - 52% - 40% - 2:32
PP Defense
1 - 57% - 60% - 2:46
2 - 43% - 40% - 2:06
PK Forward
1 - 70% - 60% - 6:56
2 - 30% - 40% - 2:59
PK Defense
1 - 64% - 60% - 6:22
2 - 36% - 40% - 3:33
PK3 Forward
1 - 0% - 60%
2 - 0% - 40%
PK3 Defense
1 - 0% - 60%
2 - 0% - 40%
44 Forward
1 - 0% - 60%
2 - 0% - 40%
44 Defense
1 - 0% - 60%
2 - 0% - 40%
Last Minute Offensive  - 0:00
Last Minute Defensive  - 0:00
Total
Forward - 60:00
Defense - 60:00

% Time on Ice - Wild

Lines # - Real PCT - Wanted PCT - Time Play
Normal Forward
1 - 36% - 40% - 16:05
2 - 35% - 40% - 16:01
3 - 10% - 15% - 4:18
4 - 19% - 5% - 8:49
Normal Defense
1 - 38% - 45% - 17:14
2 - 33% - 35% - 14:51
3 - 29% - 15% - 13:08
4 - 0% - 5% - 0:00
PP Forward
1 - 54% - 55% - 5:22
2 - 46% - 45% - 4:33
PP Defense
1 - 52% - 55% - 5:09
2 - 48% - 45% - 4:46
PK Forward
1 - 73% - 58% - 3:33
2 - 27% - 42% - 1:19
PK Defense
1 - 35% - 60% - 1:43
2 - 65% - 40% - 3:09
PK3 Forward
1 - 0% - 57%
2 - 0% - 43%
PK3 Defense
1 - 0% - 55%
2 - 0% - 45%
44 Forward
1 - 0% - 60%
2 - 0% - 40%
44 Defense
1 - 0% - 60%
2 - 0% - 40%
Last Minute Offensive  - 0:00
Last Minute Defensive  - 0:00
Total
Forward - 60:00
Defense - 60:00

Play by Play

1st period


0:01 of 1st period - Jason Spezza wins face-off versus Sean Monahan in neutral zone.
0:06 of 1st period - Shot by Jason Spezza.
0:06 of 1st period - Goal by Jason Spezza - RedWings : 0 - Wild : 1.
0:07 of 1st period - Eric Staal wins face-off versus Jonathan Drouin in neutral zone.
0:19 of 1st period - Shot by Eric Staal.
0:19 of 1st period - Shot Misses the Net.
0:32 of 1st period - Shot by Marian Gaborik.
0:32 of 1st period - Stopped by Roberto Luongo without a rebound.
0:33 of 1st period - Mikhail Grabovski wins face-off versus Jason Spezza in RedWings zone.
0:33 of 1st period - Mikhail Grabovski is hit by Kyle Okposo.
0:50 of 1st period - Icing by Erik Haula.
0:51 of 1st period - Mikhail Grabovski wins face-off versus Markus Granlund in RedWings zone.
1:19 of 1st period - Dustin Brown is hit by Alexandre Burrows and loses puck.
1:46 of 1st period - Shot by David Pastrnak.
1:46 of 1st period - Shot Misses the Net.
2:05 of 1st period - Loui Eriksson is hit by Alexander Edler and loses puck.
2:12 of 1st period - Shot by Loui Eriksson.
2:12 of 1st period - Goal by Loui Eriksson - RedWings : 1 - Wild : 1.
2:13 of 1st period - Jonathan Drouin wins face-off versus Eric Staal in neutral zone.
2:29 of 1st period - Icing by Jeff Petry.
2:30 of 1st period - Jason Pominville wins face-off versus Vincent Lecavalier in Wild zone.
2:32 of 1st period - Icing by Mark Streit.
2:33 of 1st period - Eric Staal wins face-off versus Vincent Lecavalier in Wild zone.
3:26 of 1st period - Micheal Ferland is hit by Alexander Edler and loses puck.
3:36 of 1st period - Tanner Pearson is hit by Eric Gryba and loses puck.
3:51 of 1st period - Shot by Tanner Pearson.
3:51 of 1st period - Stopped by Roberto Luongo without a rebound.
3:52 of 1st period - Chris Wagner wins face-off versus Jonathan Drouin in RedWings zone.
4:05 of 1st period - Shot by Filip Forsberg.
4:05 of 1st period - Shot Blocked by Chris Wagner.
4:07 of 1st period - Shot by Filip Forsberg.
4:07 of 1st period - Stopped by James Reimer without a rebound.
4:08 of 1st period - Markus Granlund wins face-off versus Sean Monahan in Wild zone.
4:10 of 1st period - Sven Baertschi is hit by David Pastrnak and loses puck.
4:35 of 1st period - Shot by David Pastrnak.
4:35 of 1st period - Shot Blocked by Markus Granlund.
4:51 of 1st period - Shot by Sean Monahan.
4:51 of 1st period - Stopped by James Reimer without a rebound.
4:52 of 1st period - Jonathan Drouin wins face-off versus Jason Spezza in Wild zone.
5:10 of 1st period - Shot by Jason Spezza.
5:10 of 1st period - Stopped by Roberto Luongo with a rebound.
5:17 of 1st period - Off-side.
5:18 of 1st period - Eric Staal wins face-off versus Mikhail Grabovski in neutral zone.
5:18 of 1st period - Eric Staal is hit by Alexandre Burrows.
5:21 of 1st period - Marian Gaborik is hit by Kevin Connauton and loses puck.
5:24 of 1st period - Shot by Jason Pominville.
5:24 of 1st period - Deflect By Marian Gaborik.
5:24 of 1st period - Stopped by Roberto Luongo without a rebound.
5:25 of 1st period - Eric Staal wins face-off versus Mikhail Grabovski in RedWings zone.
5:43 of 1st period - Shot by Jason Pominville.
5:43 of 1st period - Stopped by Roberto Luongo without a rebound.
5:44 of 1st period - Jason Spezza wins face-off versus Jonathan Drouin in RedWings zone.
5:44 of 1st period - Minor Penalty to Eric Gryba for Hooking.
5:45 of 1st period - Erik Haula wins face-off versus Jason Spezza in RedWings zone.
5:45 of 1st period - Sean Monahan is hit by Kyle Okposo and loses puck.
5:50 of 1st period - Shot by Jason Spezza.
5:50 of 1st period - Stopped by Roberto Luongo with a rebound.
5:58 of 1st period - Shot by Mark Streit.
5:58 of 1st period - Shot Misses the Net.
6:00 of 1st period - Shot by Kyle Okposo.
6:00 of 1st period - Shot Misses the Net.
6:02 of 1st period - Shot by Alexander Edler.
6:02 of 1st period - Shot Misses the Net.
6:21 of 1st period - Shot by Alexander Edler.
6:21 of 1st period - Shot Misses the Net.
6:23 of 1st period - Shot by Alexander Edler.
6:23 of 1st period - Deflect By Jason Spezza.
6:23 of 1st period - Shot Blocked by Erik Haula.
6:25 of 1st period - Shot by Jason Spezza.
6:25 of 1st period - Stopped by Roberto Luongo without a rebound.
6:26 of 1st period - Andrew Cogliano wins face-off versus Eric Staal in RedWings zone.
8:02 of 1st period - Dustin Brown is hit by Eric Gryba and loses puck.
8:07 of 1st period - Shot by Dustin Brown.
8:07 of 1st period - Stopped by Roberto Luongo with a rebound.
8:09 of 1st period - Shot by Mason Raymond.
8:09 of 1st period - Stopped by Roberto Luongo without a rebound.
8:10 of 1st period - Jason Spezza wins face-off versus Vincent Lecavalier in RedWings zone.
8:31 of 1st period - Shot by Tanner Pearson.
8:31 of 1st period - Shot Misses the Net.
9:27 of 1st period - Shot by Erik Haula.
9:27 of 1st period - Stopped by James Reimer without a rebound.
9:28 of 1st period - Sean Monahan wins face-off versus Markus Granlund in Wild zone.
9:39 of 1st period - Shot by David Pastrnak.
9:39 of 1st period - Shot Blocked by Jeff Petry.
9:57 of 1st period - Icing by David Pastrnak.
9:58 of 1st period - Eric Staal wins face-off versus Sean Monahan in RedWings zone.
10:19 of 1st period - Shot by Eric Staal.
10:19 of 1st period - Stopped by Roberto Luongo without a rebound.
10:20 of 1st period - Chris Wagner wins face-off versus Tyler Toffoli in RedWings zone.
10:24 of 1st period - Chris Wagner is hit by Thomas Hickey and loses puck.
10:37 of 1st period - Shot by Jonathan Drouin.
10:37 of 1st period - Shot Misses the Net.
10:58 of 1st period - Shot by Jonathan Drouin.
10:58 of 1st period - Shot Misses the Net.
11:58 of 1st period - Shot by Eric Staal.
11:58 of 1st period - Shot Misses the Net.
12:41 of 1st period - Jason Spezza is hit by Jake Gardiner and loses puck.
13:12 of 1st period - Shot by Dustin Brown.
13:12 of 1st period - Stopped by Roberto Luongo without a rebound.
13:13 of 1st period - Jonathan Drouin wins face-off versus Eric Staal in RedWings zone.
13:20 of 1st period - Shot by Filip Forsberg.
13:20 of 1st period - Stopped by James Reimer without a rebound.
13:21 of 1st period - Markus Granlund wins face-off versus Jonathan Drouin in Wild zone.
13:21 of 1st period - Markus Granlund is hit by Tyler Toffoli.
13:29 of 1st period - Shot by Markus Granlund.
13:29 of 1st period - Deflect By Dustin Brown.
13:29 of 1st period - Stopped by Roberto Luongo with a rebound.
13:31 of 1st period - Shot by Alexander Edler.
13:31 of 1st period - Stopped by Roberto Luongo without a rebound.
13:32 of 1st period - Marian Gaborik wins face-off versus Jonathan Drouin in RedWings zone.
14:03 of 1st period - Shot by Jason Pominville.
14:03 of 1st period - Shot Misses the Net.
14:11 of 1st period - Shot by Tyler Toffoli.
14:11 of 1st period - Stopped by James Reimer without a rebound.
14:12 of 1st period - Jason Spezza wins face-off versus Sean Monahan in Wild zone.
14:12 of 1st period - Jason Spezza is hit by David Pastrnak.
14:13 of 1st period - Jason Spezza from Wild is injured at 14:13 of 1st period (Bruised Right Arm).
14:14 of 1st period - Sean Monahan wins face-off versus Sven Baertschi in Wild zone.
14:36 of 1st period - Shot by Kyle Okposo.
14:36 of 1st period - Stopped by Roberto Luongo without a rebound.
14:37 of 1st period - Eric Staal wins face-off versus Mikhail Grabovski in RedWings zone.
14:44 of 1st period - Shot by Eric Staal.
14:44 of 1st period - Shot Misses the Net.
15:16 of 1st period - Shot by Alexandre Burrows.
15:16 of 1st period - Stopped by James Reimer without a rebound.
15:17 of 1st period - Sean Monahan wins face-off versus Sven Baertschi in Wild zone.
16:23 of 1st period - Dustin Brown is hit by Sean Monahan and loses puck.
16:27 of 1st period - Icing by Dennis Wideman.
16:28 of 1st period - Jonathan Drouin wins face-off versus Chris Wagner in Wild zone.
16:31 of 1st period - Shot by Filip Forsberg.
16:31 of 1st period - Shot Misses the Net.
17:15 of 1st period - Shot by Eric Staal.
17:15 of 1st period - Shot Misses the Net.
17:37 of 1st period - Shot by Eric Staal.
17:37 of 1st period - Shot Misses the Net.
17:39 of 1st period - Shot by Jeff Petry.
17:39 of 1st period - Shot Misses the Net.
18:05 of 1st period - Shot by Micheal Ferland.
18:05 of 1st period - Shot Misses the Net.
18:38 of 1st period - Andrew Cogliano is hit by Carl Gunnarsson and loses puck.
19:09 of 1st period - Icing by Dustin Brown.
19:10 of 1st period - Chris Wagner wins face-off versus Mikhail Grabovski in Wild zone.
19:22 of 1st period - Icing by Kevin Connauton.
19:23 of 1st period - Mikhail Grabovski wins face-off versus Eric Staal in RedWings zone.
Goals for this period are 1 for RedWings vs 1 for Wild.
Shots for this period are 7 for RedWings vs 15 for Wild.

2nd period


0:01 of 2nd period - Jonathan Drouin wins face-off versus Sven Baertschi in neutral zone.
0:09 of 2nd period - Tyler Toffoli is hit by Alexander Edler.
0:13 of 2nd period - Shot by Filip Forsberg.
0:13 of 2nd period - Deflect By Tyler Toffoli.
0:13 of 2nd period - Stopped by James Reimer without a rebound.
0:14 of 2nd period - Sean Monahan wins face-off versus Marian Gaborik in Wild zone.
0:33 of 2nd period - Shot by Marian Gaborik.
0:33 of 2nd period - Shot Blocked by Zach Trotman.
0:41 of 2nd period - Shot by Jason Pominville.
0:41 of 2nd period - Stopped by Roberto Luongo without a rebound.
0:42 of 2nd period - Sven Baertschi wins face-off versus Jonathan Drouin in RedWings zone.
0:42 of 2nd period - Sven Baertschi is hit by Thomas Hickey.
0:44 of 2nd period - Shot by Tanner Pearson.
0:44 of 2nd period - Stopped by Roberto Luongo with a rebound.
1:08 of 2nd period - Shot by Sven Baertschi.
1:08 of 2nd period - Stopped by Roberto Luongo without a rebound.
1:09 of 2nd period - Eric Staal wins face-off versus Sean Monahan in RedWings zone.
1:40 of 2nd period - Shot by Loui Eriksson.
1:40 of 2nd period - Shot Misses the Net.
1:42 of 2nd period - Shot by Zach Trotman.
1:42 of 2nd period - Stopped by James Reimer with a rebound.
1:46 of 2nd period - Shot by David Pastrnak.
1:46 of 2nd period - Shot Misses the Net.
1:48 of 2nd period - Shot by Zach Trotman.
1:48 of 2nd period - Goal by Zach Trotman - RedWings : 2 - Wild : 1.
1:49 of 2nd period - Sven Baertschi wins face-off versus Jonathan Drouin in neutral zone.
2:04 of 2nd period - Shot by Tyler Toffoli.
2:04 of 2nd period - Stopped by James Reimer without a rebound.
2:05 of 2nd period - Mikhail Grabovski wins face-off versus Chris Wagner in Wild zone.
2:06 of 2nd period - Shot by Alexandre Burrows.
2:06 of 2nd period - Shot Misses the Net.
2:09 of 2nd period - Icing by Dennis Wideman.
2:10 of 2nd period - Chris Wagner wins face-off versus Jonathan Drouin in Wild zone.
2:25 of 2nd period - Dustin Brown is hit by Filip Forsberg and loses puck.
2:38 of 2nd period - Off-side.
2:39 of 2nd period - Sean Monahan wins face-off versus Sven Baertschi in neutral zone.
3:36 of 2nd period - Icing by Mark Streit.
3:37 of 2nd period - Tyler Toffoli wins face-off versus Eric Staal in Wild zone.
3:45 of 2nd period - Shot by Tyler Toffoli.
3:45 of 2nd period - Goal by Tyler Toffoli - RedWings : 3 - Wild : 1.
3:46 of 2nd period - Tyler Toffoli wins face-off versus Eric Staal in neutral zone.
3:58 of 2nd period - Icing by Mark Streit.
3:59 of 2nd period - Eric Staal wins face-off versus Mikhail Grabovski in Wild zone.
4:18 of 2nd period - Shot by Erik Haula.
4:18 of 2nd period - Shot Misses the Net.
4:20 of 2nd period - Shot by Zach Trotman.
4:20 of 2nd period - Goal by Zach Trotman - RedWings : 4 - Wild : 1.
4:20 of 2nd period - Anton Khudobin enters game.
4:21 of 2nd period - Jonathan Drouin wins face-off versus Sven Baertschi in neutral zone.
5:33 of 2nd period - Minor Penalty to Eric Staal for Hooking.
5:34 of 2nd period - Markus Granlund wins face-off versus Sean Monahan in Wild zone.
7:16 of 2nd period - Shot by Sean Monahan.
7:16 of 2nd period - Stopped by Anton Khudobin with a rebound.
7:18 of 2nd period - Shot by Sean Monahan.
7:18 of 2nd period - Stopped by Anton Khudobin without a rebound.
7:19 of 2nd period - Dustin Brown wins face-off versus Tyler Toffoli in Wild zone.
7:32 of 2nd period - Shot by Filip Forsberg.
7:32 of 2nd period - Stopped by Anton Khudobin without a rebound.
7:33 of 2nd period - Eric Staal wins face-off versus Mikhail Grabovski in Wild zone.
9:03 of 2nd period - Shot by Kyle Okposo.
9:03 of 2nd period - Shot Blocked by Thomas Hickey.
9:20 of 2nd period - Loui Eriksson is hit by Alex Biega and loses puck.
9:40 of 2nd period - Dustin Brown is hit by Thomas Hickey and loses puck.
9:41 of 2nd period - Minor Penalty to Paul Martin for Slashing.
9:42 of 2nd period - Andrew Cogliano wins face-off versus Eric Staal in RedWings zone.
10:24 of 2nd period - Shot by Jeff Petry.
10:24 of 2nd period - Stopped by Roberto Luongo without a rebound.
10:25 of 2nd period - Erik Haula wins face-off versus Sven Baertschi in RedWings zone.
10:44 of 2nd period - Shot by Tanner Pearson.
10:44 of 2nd period - Stopped by Roberto Luongo without a rebound.
10:45 of 2nd period - Andrew Cogliano wins face-off versus Eric Staal in RedWings zone.
10:45 of 2nd period - Andrew Cogliano is hit by Tanner Pearson.
10:55 of 2nd period - Mark Streit is hit by Erik Haula and loses puck.
11:03 of 2nd period - Shot by Kyle Okposo.
11:03 of 2nd period - Shot Misses the Net.
11:05 of 2nd period - Shot by Mark Streit.
11:05 of 2nd period - Stopped by Roberto Luongo with a rebound.
11:33 of 2nd period - Shot by Sven Baertschi.
11:33 of 2nd period - Shot Misses the Net.
11:35 of 2nd period - Shot by Jeff Petry.
11:35 of 2nd period - Stopped by Roberto Luongo with a rebound.
11:45 of 2nd period - Shot by Jason Pominville.
11:45 of 2nd period - Shot Misses the Net.
11:57 of 2nd period - Shot by Filip Forsberg.
11:57 of 2nd period - Shot Misses the Net.
12:53 of 2nd period - Shot by Micheal Ferland.
12:53 of 2nd period - Shot Blocked by Alex Biega.
12:53 of 2nd period - Alex Biega from Wild is injured at 12:53 of 2nd period (Sports Hernia).
12:54 of 2nd period - Micheal Ferland wins face-off versus Eric Staal in Wild zone.
13:52 of 2nd period - Minor Penalty to Tanner Pearson for Roughing.
13:53 of 2nd period - Markus Granlund wins face-off versus Sean Monahan in Wild zone.
14:21 of 2nd period - Sean Monahan is hit by Eric Staal and loses puck.
14:46 of 2nd period - Shot by Tyler Toffoli.
14:46 of 2nd period - Goal by Tyler Toffoli - RedWings : 5 - Wild : 1.
14:47 of 2nd period - Kyle Okposo wins face-off versus Mikhail Grabovski in neutral zone.
14:52 of 2nd period - Shot by Kyle Okposo.
14:52 of 2nd period - Shot Misses the Net.
14:54 of 2nd period - Shot by Tanner Pearson.
14:54 of 2nd period - Stopped by Roberto Luongo without a rebound.
14:55 of 2nd period - Mikhail Grabovski wins face-off versus Sven Baertschi in RedWings zone.
15:14 of 2nd period - Shot by Kyle Okposo.
15:14 of 2nd period - Deflect By Tanner Pearson.
15:14 of 2nd period - Stopped by Roberto Luongo with a rebound.
15:16 of 2nd period - Shot by Tanner Pearson.
15:16 of 2nd period - Shot Misses the Net.
15:22 of 2nd period - Shot by Kyle Okposo.
15:22 of 2nd period - Shot Misses the Net.
15:28 of 2nd period - Shot by Tanner Pearson.
15:28 of 2nd period - Shot Misses the Net.
16:00 of 2nd period - Shot by Dustin Brown.
16:00 of 2nd period - Stopped by Roberto Luongo with a rebound.
16:02 of 2nd period - Shot by Dustin Brown.
16:02 of 2nd period - Shot Misses the Net.
16:03 of 2nd period - Minor Penalty to Zach Trotman for Hooking.
16:04 of 2nd period - Erik Haula wins face-off versus Eric Staal in RedWings zone.
16:21 of 2nd period - Shot by Mark Streit.
16:21 of 2nd period - Shot Misses the Net.
16:33 of 2nd period - Shot by Alexander Edler.
16:33 of 2nd period - Shot Misses the Net.
16:35 of 2nd period - Shot by Mark Streit.
16:35 of 2nd period - Shot Blocked by Thomas Hickey.
17:38 of 2nd period - Shot by Kyle Okposo.
17:38 of 2nd period - Stopped by Roberto Luongo without a rebound.
17:39 of 2nd period - Alexandre Burrows wins face-off versus Eric Staal in RedWings zone.
18:17 of 2nd period - Off-side.
18:18 of 2nd period - Vincent Lecavalier wins face-off versus Markus Granlund in neutral zone.
18:28 of 2nd period - Andrew Cogliano is hit by Dennis Wideman and loses puck.
18:51 of 2nd period - Shot by Andrew Cogliano.
18:51 of 2nd period - Shot Blocked by Alexander Edler.
Goals for this period are 4 for RedWings vs 0 for Wild.
Shots for this period are 10 for RedWings vs 11 for Wild.

3rd period


0:01 of 3rd period - Sean Monahan wins face-off versus Sven Baertschi in neutral zone.
0:05 of 3rd period - Icing by Alexander Edler.
0:06 of 3rd period - Sven Baertschi wins face-off versus Sean Monahan in Wild zone.
0:32 of 3rd period - Shot by Loui Eriksson.
0:32 of 3rd period - Shot Misses the Net.
0:34 of 3rd period - Shot by David Pastrnak.
0:34 of 3rd period - Shot Misses the Net.
0:36 of 3rd period - Shot by Thomas Hickey.
0:36 of 3rd period - Stopped by Anton Khudobin with a rebound.
0:38 of 3rd period - Shot by Loui Eriksson.
0:38 of 3rd period - Stopped by Anton Khudobin without a rebound.
0:39 of 3rd period - Eric Staal wins face-off versus Jonathan Drouin in Wild zone.
2:15 of 3rd period - Shot by Tanner Pearson.
2:15 of 3rd period - Shot Misses the Net.
2:17 of 3rd period - Shot by Kyle Okposo.
2:17 of 3rd period - Shot Misses the Net.
2:19 of 3rd period - Shot by Sven Baertschi.
2:19 of 3rd period - Stopped by Roberto Luongo without a rebound.
2:20 of 3rd period - Chris Wagner wins face-off versus Mikhail Grabovski in RedWings zone.
2:35 of 3rd period - Dustin Brown is hit by Zach Trotman.
2:54 of 3rd period - Dustin Brown is hit by Zach Trotman and loses puck.
3:11 of 3rd period - Zach Trotman is hit by Kyle Okposo and loses puck.
3:17 of 3rd period - Kyle Okposo is hit by Zach Trotman.
4:18 of 3rd period - Shot by Jeff Petry.
4:18 of 3rd period - Shot Misses the Net.
4:20 of 3rd period - Shot by Dennis Wideman.
4:20 of 3rd period - Shot Misses the Net.
4:43 of 3rd period - Shot by Chris Wagner.
4:43 of 3rd period - Goal by Chris Wagner - RedWings : 5 - Wild : 2.
4:44 of 3rd period - Sean Monahan wins face-off versus Sven Baertschi in neutral zone.
4:47 of 3rd period - Shot by Sean Monahan.
4:47 of 3rd period - Stopped by Anton Khudobin with a rebound.
4:49 of 3rd period - Shot by Paul Martin.
4:49 of 3rd period - Stopped by Anton Khudobin without a rebound.
4:50 of 3rd period - Markus Granlund wins face-off versus Sean Monahan in Wild zone.
5:00 of 3rd period - Sven Baertschi is hit by Paul Martin and loses puck.
5:10 of 3rd period - David Pastrnak is hit by Alexander Edler and loses puck.
5:17 of 3rd period - Shot by Dustin Brown.
5:17 of 3rd period - Shot Blocked by Paul Martin.
5:19 of 3rd period - Shot by Alexander Edler.
5:19 of 3rd period - Stopped by Roberto Luongo without a rebound.
5:20 of 3rd period - Tanner Pearson wins face-off versus Jonathan Drouin in RedWings zone.
5:24 of 3rd period - Icing by Jonathan Drouin.
5:25 of 3rd period - Eric Staal wins face-off versus Jonathan Drouin in RedWings zone.
5:51 of 3rd period - Eric Staal is hit by Eric Gryba and loses puck.
5:58 of 3rd period - Shot by Kyle Okposo.
5:58 of 3rd period - Deflect By Eric Staal.
5:58 of 3rd period - Stopped by Roberto Luongo without a rebound.
5:59 of 3rd period - Sean Monahan wins face-off versus Markus Granlund in RedWings zone.
6:06 of 3rd period - Shot by Sean Monahan.
6:06 of 3rd period - Shot Blocked by Alexander Edler.
6:18 of 3rd period - Shot by Dustin Brown.
6:18 of 3rd period - Shot Misses the Net.
6:20 of 3rd period - Shot by Carl Gunnarsson.
6:20 of 3rd period - Goal by Carl Gunnarsson - RedWings : 5 - Wild : 3.
6:21 of 3rd period - Vincent Lecavalier wins face-off versus Eric Staal in neutral zone.
6:23 of 3rd period - Minor Penalty to Jeff Petry for Charging.
6:24 of 3rd period - Markus Granlund wins face-off versus Tyler Toffoli in Wild zone.
6:24 of 3rd period - Markus Granlund is hit by Filip Forsberg.
6:50 of 3rd period - Shot by Filip Forsberg.
6:50 of 3rd period - Stopped by Anton Khudobin without a rebound.
6:51 of 3rd period - Sean Monahan wins face-off versus Markus Granlund in Wild zone.
7:49 of 3rd period - Alexander Edler is hit by Filip Forsberg and loses puck.
8:00 of 3rd period - Shot by Tyler Toffoli.
8:00 of 3rd period - Shot Blocked by Carl Gunnarsson.
8:02 of 3rd period - Shot by Andrew Cogliano.
8:02 of 3rd period - Shot Misses the Net.
8:04 of 3rd period - Shot by Andrew Cogliano.
8:04 of 3rd period - Stopped by Anton Khudobin without a rebound.
8:05 of 3rd period - Markus Granlund wins face-off versus Tyler Toffoli in Wild zone.
8:14 of 3rd period - Shot by Filip Forsberg.
8:14 of 3rd period - Stopped by Anton Khudobin without a rebound.
8:15 of 3rd period - Markus Granlund wins face-off versus Tyler Toffoli in Wild zone.
8:15 of 3rd period - Markus Granlund is hit by Andrew Cogliano.
8:48 of 3rd period - Kyle Okposo is hit by Eric Gryba and loses puck.
9:07 of 3rd period - Icing by Eric Gryba.
9:08 of 3rd period - Eric Staal wins face-off versus Mikhail Grabovski in RedWings zone.
9:08 of 3rd period - Eric Staal is hit by Kevin Connauton.
9:09 of 3rd period - Minor Penalty to Kevin Connauton for Hooking.
9:10 of 3rd period - Erik Haula wins face-off versus Eric Staal in RedWings zone.
9:49 of 3rd period - Shot by Eric Staal.
9:49 of 3rd period - Shot Misses the Net.
10:07 of 3rd period - Shot by Mark Streit.
10:07 of 3rd period - Stopped by Roberto Luongo without a rebound.
10:08 of 3rd period - Andrew Cogliano wins face-off versus Sven Baertschi in RedWings zone.
10:14 of 3rd period - Icing by Tanner Pearson.
10:15 of 3rd period - Sven Baertschi wins face-off versus Andrew Cogliano in Wild zone.
10:15 of 3rd period - Tanner Pearson is hit by Andrew Cogliano and loses puck.
11:01 of 3rd period - Icing by Mark Streit.
11:02 of 3rd period - Andrew Cogliano wins face-off versus Sven Baertschi in Wild zone.
11:16 of 3rd period - Tyler Toffoli is hit by Jeff Petry and loses puck.
11:27 of 3rd period - Shot by Tyler Toffoli.
11:27 of 3rd period - Stopped by Anton Khudobin without a rebound.
11:28 of 3rd period - Vincent Lecavalier wins face-off versus Mason Raymond in Wild zone.
11:28 of 3rd period - Andrew Cogliano is hit by Jeff Petry and loses puck.
11:41 of 3rd period - Shot by Dustin Brown.
11:41 of 3rd period - Shot Misses the Net.
11:43 of 3rd period - Shot by Dennis Wideman.
11:43 of 3rd period - Stopped by Roberto Luongo without a rebound.
11:44 of 3rd period - Sean Monahan wins face-off versus Eric Staal in RedWings zone.
11:44 of 3rd period - Sean Monahan is hit by Jason Pominville.
11:52 of 3rd period - Shot by Loui Eriksson.
11:52 of 3rd period - Stopped by Anton Khudobin with a rebound.
12:01 of 3rd period - David Pastrnak is hit by Alexander Edler and loses puck.
12:04 of 3rd period - Shot by Loui Eriksson.
12:04 of 3rd period - Deflect By Sean Monahan.
12:04 of 3rd period - Shot Misses the Net.
12:06 of 3rd period - Shot by Loui Eriksson.
12:06 of 3rd period - Stopped by Anton Khudobin without a rebound.
12:07 of 3rd period - Jonathan Drouin wins face-off versus Sven Baertschi in Wild zone.
12:54 of 3rd period - Icing by Jeff Petry.
12:55 of 3rd period - Sean Monahan wins face-off versus Sven Baertschi in Wild zone.
13:00 of 3rd period - Shot by Sean Monahan.
13:00 of 3rd period - Shot Misses the Net.
13:35 of 3rd period - Shot by Loui Eriksson.
13:35 of 3rd period - Deflect By Sean Monahan.
13:35 of 3rd period - Shot Blocked by Mark Streit.
13:37 of 3rd period - Shot by Loui Eriksson.
13:37 of 3rd period - Stopped by Anton Khudobin without a rebound.
13:38 of 3rd period - Vincent Lecavalier wins face-off versus Eric Staal in Wild zone.
14:08 of 3rd period - Shot by Andrew Cogliano.
14:08 of 3rd period - Shot Blocked by Carl Gunnarsson.
14:44 of 3rd period - Jonathan Drouin is hit by Chris Wagner and loses puck.
14:55 of 3rd period - Shot by Dustin Brown.
14:55 of 3rd period - Stopped by Roberto Luongo without a rebound.
14:56 of 3rd period - Sean Monahan wins face-off versus Markus Granlund in RedWings zone.
15:01 of 3rd period - Dustin Brown is hit by Sean Monahan and loses puck.
15:02 of 3rd period - Minor Penalty to David Pastrnak for High sticking.
15:03 of 3rd period - Eric Staal wins face-off versus Erik Haula in RedWings zone.
15:32 of 3rd period - Shot by Kyle Okposo.
15:32 of 3rd period - Shot Misses the Net.
16:00 of 3rd period - Shot by Mark Streit.
16:00 of 3rd period - Stopped by Roberto Luongo without a rebound.
16:01 of 3rd period - Andrew Cogliano wins face-off versus Eric Staal in RedWings zone.
16:12 of 3rd period - Shot by Alexander Edler.
16:12 of 3rd period - Shot Misses the Net.
16:14 of 3rd period - Shot by Eric Staal.
16:14 of 3rd period - Shot Blocked by Eric Gryba.
16:47 of 3rd period - Off-side.
16:48 of 3rd period - Erik Haula wins face-off versus Sven Baertschi in neutral zone.
17:11 of 3rd period - Chris Wagner is hit by Micheal Ferland and loses puck.
18:04 of 3rd period - Shot by Jake Gardiner.
18:04 of 3rd period - Shot Misses the Net.
18:06 of 3rd period - Shot by Filip Forsberg.
18:06 of 3rd period - Stopped by Anton Khudobin with a rebound.
18:08 of 3rd period - Shot by Filip Forsberg.
18:08 of 3rd period - Deflect By Tyler Toffoli.
18:08 of 3rd period - Stopped by Anton Khudobin without a rebound.
18:09 of 3rd period - Sean Monahan wins face-off versus Eric Staal in Wild zone.
18:22 of 3rd period - Shot by Marian Gaborik.
18:22 of 3rd period - Stopped by Roberto Luongo without a rebound.
18:23 of 3rd period - Sven Baertschi wins face-off versus Jonathan Drouin in RedWings zone.
18:24 of 3rd period - Shot by Kyle Okposo.
18:24 of 3rd period - Stopped by Roberto Luongo without a rebound.
18:25 of 3rd period - Sven Baertschi wins face-off versus Sean Monahan in RedWings zone.
18:50 of 3rd period - Shot by David Pastrnak.
18:50 of 3rd period - Stopped by Anton Khudobin without a rebound.
18:51 of 3rd period - Jonathan Drouin wins face-off versus Eric Staal in Wild zone.
19:11 of 3rd period - Shot by Jason Pominville.
19:11 of 3rd period - Shot Blocked by Filip Forsberg.
Goals for this period are 0 for RedWings vs 2 for Wild.
Shots for this period are 14 for RedWings vs 11 for Wild.